 Dungeon Crawl Stone Soup version 0.19.5 (webtiles) character file.

231 bobbobbob the Grave Robber (level 5, -7/35 HPs)
             Began as a Vampire Necromancer on Apr 20, 2017.
             Mangled by spiff's ghost (9 damage)
             ... on level 4 of the Dungeon.
             The game lasted 00:42:37 (4182 turns).

bobbobbob the Grave Robber (Vampire Necromancer)    Turns: 4182, Time: 00:42:38

Health: -7/35      AC:  2    Str:  7    XL:     5   Next: 72%
Magic:  5/10       EV: 13    Int: 18    God:
Gold:   119        SH:  0    Dex: 15    Spells: 3 memorised, 3 levels left

rFire  . . .     SeeInvis +     k - +0 dagger
rCold  . . .     Gourm    .     a - +0 robe
rNeg   + . .     Faith    .     (no shield)
rPois  .         Spirit   .     (no helmet)
rElec  .         Reflect  .     (no cloak)
rCorr  .         Harm     .     (no gloves)
MR     .....                    (no boots)
Stlth  +++.......               (no amulet)
                                (no ring)
                                (no ring)

@: no status effects
A: fangs 3, see invisible, unbreathing
a: Bat Form


You were on level 4 of the Dungeon.
You were not thirsty.

You visited 1 branch of the dungeon, and saw 4 of its levels.

You collected 119 gold pieces.

Inventory:

Hand Weapons
 k - a +0 dagger (weapon)
 m - a +0 dagger
Armour
 a - a +0 robe (worn)
 n - a +0 robe
Jewellery
 l - a cursed -2 ring of protection {unknown}
Scrolls
 e - a scroll of blinking {unknown}
 h - 3 scrolls of remove curse {unknown}
 i - a scroll of teleportation {unknown}
 j - a scroll of fear {unknown}
 p - a scroll of enchant weapon {unknown}
 q - a scroll of recharging {unknown}
 r - a scroll of noise {unknown}
Potions
 c - 15 potions of blood
 d - a potion of degeneration {unknown}
 f - 2 potions of curing {unknown}
 g - a potion of cure mutation {unknown}
 o - a potion of mutation {unknown}
Books
 b - a book of Necromancy

   Spells                             Type                      Level
   a - Pain                           Necromancy                   1
   b - Animate Skeleton               Necromancy                   1
   c - Vampiric Draining              Necromancy                   3
   d - Regeneration                   Charms/Necromancy            3
   e - Animate Dead                   Necromancy                   4
   f - Control Undead                 Necromancy                   4


   Skills:
 - Level 0.2 Short Blades
 + Level 2.5 Dodging
 + Level 3.7 Stealth
 + Level 0.2 Unarmed Combat
 + Level 3.7 Spellcasting
 + Level 6.3 Necromancy


You had 3 spell levels left.
You knew the following spells:

 Your Spells              Type           Power        Failure   Level  Hunger
a - Pain                  Necr           ####         1%          1    None
b - Regeneration          Chrm/Necr      ##........   14%         3    ###....
c - Control Undead        Necr           ####......   14%         4    ####...


Dungeon Overview and Level Annotations

Branches:
Dungeon (4/15)
 Temple: D:4-7

Altars:
Gozag

Annotations:
D:4 spiff's ghost, amateur OgHu


Innate Abilities, Weirdness & Mutations

You have razor-sharp teeth.
You have supernaturally acute eyesight. (SInv)
You can survive without breathing.


Message History

Spiff's ghost hits the gnoll but does no damage.
The gnoll hits spiff's ghost with a whip.
Spiff's ghost barely misses the gnoll.
The gnoll closely misses spiff's ghost.
Spiff's ghost hits the gnoll!
The gnoll dies!
Spiff's ghost is no longer charmed.
There is an escape hatch in the floor here.
Found a stone staircase leading down.
Found a hunting sling.
You see here 5 gold pieces.
Spiff's ghost boasts, "I have defeated monsters you have never seen."
Spiff's ghost hits you.
You are electrocuted!
* * * LOW HITPOINT WARNING * * *
Casting: Control Undead
Confirm with . or Enter, or press ? or * to list all spells.
Spiff's ghost resists with almost no effort.
Spiff's ghost hits you.
* * * LOW HITPOINT WARNING * * *
You are electrocuted!
You die...

#... #.. #.## # .. #.#.
#.... ####.#. .#.##
###...... ....###
####...###.#
#...?####....##.<..# .
#..........####.####
....####@.#..............
.......$.W...............
......###.#>.#####.......
)####.....#..#######.####
#...#...##..W..#
#>.#.....)#.#####
#..####............# #.#
##.#...#####.. .. #.#.#.#


You could see spiff's ghost.

Vanquished Creatures
  Jessica (D:3)
  2 gnolls
  8 adders
  An ooze (D:3)
  2 worms (D:2)
  4 dart slugs (D:1)
  2 leopard geckos (D:3)
  2 orcs (D:3)
  7 giant cockroaches
  9 hobgoblins
  8 jackals
  2 quokkas (D:3)
  4 bats
  6 frilled lizards
  10 goblins
  4 kobolds
  9 rats
81 creatures vanquished.

Vanquished Creatures (collateral kills)
  2 gnolls (D:4)
2 creatures vanquished.

Grand Total: 83 creatures vanquished

Notes
Turn   | Place    | Note
-------+----------+-------------------------------------------
     0 | D:1      | bobbobbob the Vampire Necromancer began the quest for the Orb.
     0 | D:1      | Reached XP level 1. HP: 13/13 MP: 3/3
    40 | D:1      | Reached XP level 2. HP: 14/19 MP: 0/5
   256 | D:1      | Reached skill level 5 in Necromancy
   631 | D:1      | Reached XP level 3. HP: 20/24 MP: 2/6
  1349 | D:1      | Learned a level 3 spell: Regeneration
  1407 | D:2      | Reached XP level 4. HP: 22/30 MP: 1/7
  2789 | D:3      | Found an opulent altar of Gozag.
  2868 | D:3      | Noticed Jessica
  2870 | D:3      | Killed Jessica
  2870 | D:3      | Reached skill level 6 in Necromancy
  2870 | D:3      | Reached XP level 5. HP: 35/35 MP: 6/9
  3069 | D:3      | Learned a level 4 spell: Control Undead
  3824 | D:4      | Noticed spiff's ghost (amateur OgHu)
  4182 | D:4      | Mangled by spiff's ghost

Skill      XL: |  1  2  3  4 |
---------------+-------------+-----
Necromancy     | 5 6 |  6.3
Spellcasting   | 3 |  3.7
Short Blades   | |  0.2
Dodging        | |  2.5
Stealth        | |  3.7
Unarmed Combat | |  0.2

Action                   |  1- 3 |  4- 6 || total
-------------------------+-------+-------++-------
Melee: Unarmed           |    15 |    12 ||    27
       Bite              |     1 |    11 ||    12
       Dagger            |       |    76 ||    76
 Cast: Pain              |    58 |   121 ||   179
       Control Undead    |       |     5 ||     5
       Regeneration      |       |     1 ||     1
  Use: Potion            |     4 |    12 ||    16
Armor: Robe              |     4 |    23 ||    27
Dodge: Dodged            |    18 |    73 ||    91
